 Dungeon Crawl Stone Soup version 0.29.1-15-g9cfb28693d (webtiles) character file.

Game seed: 11011476117505061542

882 protoss039 the Sneak (level 8, -4/48 HPs)
             Began as a Tengu Enchanter on Mar 24, 2023.
             Slain by Dowan
             ... wielding a +1 antimagic dagger
              (6 damage)
             ... on level 6 of the Dungeon.
             The game lasted 00:13:36 (6498 turns).

protoss039 the Sneak (Tengu Enchanter)              Turns: 6498, Time: 00:13:37

Health: -4/48      AC:  4    Str:  8    XL:     8   Next: 5%
Magic:  8/13       EV: 16    Int: 17    God:
Gold:   194        SH:  0    Dex: 16    Spells: 5/13 levels left

rFire   . . .      SeeInvis .   e - +2 dagger (holy)
rCold   + . .      Faith    .   (no shield)
rNeg    . . .      Spirit   .   y - +1 robe
rPois   .          Reflect  .   (helmet restricted)
rElec   .          Harm     .   d - +0 cloak
rCorr   .          Rampage  .   (no gloves)
Will    .....                   (boots unavailable)
Stlth   +++.......              (no amulet)
HPRegen 0.16/turn               g - ring of protection from cold
MPRegen 0.13/turn               (no ring)

@: flying quickly and evasively, quick
A: beak, talons 3, nimble flight
a: no special abilities


You were on level 6 of the Dungeon.
You visited 1 branch of the dungeon, and saw 6 of its levels.

You collected 294 gold pieces.
You spent 100 gold pieces at shops.

Inventory:

Hand Weapons
 b - a +3 hand axe
 e - a +2 dagger of holy wrath (weapon)
 s - a +2 vampiric dagger
Missiles
 j - 2 curare-tipped darts (quivered)
Armour
 d - a +0 cloak (worn)
 y - a +1 robe (worn)
Jewellery
 g - a ring of protection from cold (left hand)
Wands
 r - a wand of flame (11)
 w - a wand of digging (7)
Scrolls
 a - 3 scrolls of teleportation
 h - 2 scrolls of amnesia {unknown}
 l - 2 scrolls of fear {unknown}
 n - 2 scrolls of magic mapping
 p - a scroll of immolation
 q - a scroll of poison {unknown}
 t - a scroll of enchant armour {unknown}
 u - a scroll of identify
Potions
 c - a potion of invisibility
 f - 6 potions of curing
 i - 5 potions of brilliance
 m - 2 potions of mutation
 o - 2 potions of haste {unknown}
 v - a potion of might {unknown}
 x - a potion of flight {unknown}
 z - a potion of heal wounds
 A - 2 potions of lignification {unknown}


   Skills:
 * Level 3.7 Fighting
 - Level 3.0 Short Blades
 * Level 2.3 Armour
 * Level 4.2 Dodging
 * Level 4.7 Stealth
 + Level 3.1 Spellcasting
 + Level 3.0 Hexes
 * Level 2.0 Ice Magic
 + Level 1.3 Evocations


You had 5 spell levels left.
You knew the following spells:

 Your Spells              Type           Power      Damage    Failure   Level
a - Ensorcelled Hibernat  Hex/Ice        22%        N/A       9%          2
b - Confusing Touch       Hex            13%        N/A       14%         3
c - Tukima's Dance        Hex            13%        N/A       14%         3

Your spell library contained the following spells:

 Spells                   Type           Power      Damage    Failure   Level
 Ozocubu's Armour         Ice            9%         N/A       22%         3
 Blink                    Tloc           4%         N/A       26%         2
 Dazzling Flash           Conj/Hex       14%        N/A       28%         3
 Gell's Gravitas          Tloc           2%         N/A       45%         3
 Ignite Poison            Fire/Tmut/Pois 2%         N/A       45%         3
 Lesser Beckoning         Tloc           2%         N/A       45%         3
 Mephitic Cloud           Conj/Pois/Air  2%         N/A       45%         3
 Teleport Other           Tloc           2%         N/A       45%         3
 Leda's Liquefaction      Hex/Erth       3%         N/A       67%         4
 Summon Lightning Spire   Summ/Air       2%         N/A       86%         4
 Yara's Violent Unravell  Hex/Tmut       3%         3d4       95%         5
 Freezing Cloud           Conj/Ice/Air   2%         6-21      98%         5
 Lee's Rapid Deconstruct  Erth           1%         3d5*      99%         5
 Manifold Assault         Tloc           2%         N/A       99%         5
 Dispersal                Tloc           1%         N/A       100%        6
 Statue Form              Tmut/Erth      1%         N/A       100%        6
 Enfeeble                 Hex            6%         N/A       100%        7
 Ozocubu's Refrigeration  Ice            4%         4d8       100%        7
 Storm Form               Tmut/Air       1%         N/A       100%        7
 Maxwell's Capacitive Co  Air            1%         ∞         100%        8


Dungeon Overview and Level Annotations

Branches:
Dungeon (6/15) Zot: 26653
 Temple: D:4-7

Altars:

Shops:
D:2 :=?:*   D:5 !

Annotations:
D:6 Dowan, Duvessa


Innate Abilities, Weirdness & Mutations

You have a beak for a mouth.
You have claws for feet.
Your magical nature lets you fly swiftly and evasively.


Message History

Unknown command.
You hit Duvessa.
Duvessa is severely wounded.
Duvessa hits you with a +0 short sword!
* * * LOW HITPOINT WARNING * * *
Dowan casts a spell.
Dowan blinks!
Unknown command.
You hit Duvessa. You claw Duvessa, but do no damage.
Duvessa is severely wounded.
Unknown command.
Duvessa completely misses you.
Unknown command.
You hit Duvessa but do no damage. You claw Duvessa, but do no damage.
Duvessa is severely wounded.
Duvessa hits you with a +0 short sword.
* * * LOW HITPOINT WARNING * * *
Dowan misses you.
Unknown command.
You hit Duvessa. You claw Duvessa, but do no damage. You peck Duvessa.
Duvessa is almost dead.
Dowan hits you with a +1 antimagic dagger.
* * * LOW HITPOINT WARNING * * *
You feel your power leaking away.
Unknown command.
You hit Duvessa but do no damage. You claw Duvessa, but do no damage.
Duvessa is almost dead.
Unknown command.
You hit Duvessa but do no damage.
Duvessa is almost dead.
Duvessa seems less confused.
Duvessa says, "When magic and the sword combine, nothing stands against them."
Duvessa hits you with a +0 short sword.
* * * LOW HITPOINT WARNING * * *
Dowan closely misses you.
You barely miss Duvessa.
Duvessa is almost dead.
Duvessa misses you.
Dowan hits you with a +1 antimagic dagger.
You die...

........#.##...........
#....#..#..#....####.....
....÷##...##..#..........
.<..#........###.........
.#...#...##.)..##........
##...######.#.###........
##### ###....##......
##..e........
##.@.$......
........e....##..
..............#
.............##
#.....#......#
###...##.!..## ##.#
###### ##


You could see Duvessa and Dowan.

Vanquished Creatures
  An ice beast (D:5)
  An ogre (D:5)
  Blork the orc (D:6)
  A necrophage (D:6)
  A scorpion (D:4)
  A howler monkey (D:5)
  4 hounds
  Crazy Yiuf (D:5)
  4 iguanas
  An orc wizard (D:3)
  4 gnolls
  4 adders
  2 ufetubi
  3 dart slugs
  20 orcs
  3 bats
  4 endoplasms
  3 giant cockroaches
  9 goblins
  5 hobgoblins
  6 jackals
  5 kobolds
  6 quokkas
  3 ball pythons
  4 frilled lizards
  3 rats
100 creatures vanquished.

Notes
Turn   | Place    | Note
-------+----------+-------------------------------------------
     0 | D:1      | protoss039 the Tengu Enchanter began the quest for the Orb.
     0 | D:1      | Reached XP level 1. HP: 10/10 MP: 4/4
   549 | D:1      | Reached XP level 2. HP: 16/16 MP: 6/6
   569 | D:1      | Learned a level 2 spell: Ensorcelled Hibernation
   930 | D:1      | Reached skill level 1 in Fighting
  1025 | D:2      | Found Fimastro's Assorted Antiques.
  1146 | D:2      | Found Dojaq's Magic Scroll Shop.
  1149 | D:2      | Found Kusakk's Jewellery Shoppe.
  1225 | D:2      | Bought a scroll of identify for 28 gold pieces
  1340 | D:2      | Found Fizorod's Book Emporium.
  1476 | D:2      | Found Danygom's Book Shoppe.
  1525 | D:2      | Reached XP level 3. HP: 20/20 MP: 2/7
  2133 | D:2      | Found a faded altar of an unknown god.
  2224 | D:2      | Learned a level 3 spell: Confusing Touch
  2612 | D:3      | Reached XP level 4. HP: 26/26 MP: 3/8
  3352 | D:3      | Gained mutation: Your magical nature lets you fly swiftly
                  | and evasively. [Tengu growth]
  3352 | D:3      | Reached XP level 5. HP: 10/31 MP: 3/9
  3618 | D:3      | Learned a level 3 spell: Tukima's Dance
  3902 | D:4      | Reached XP level 6. HP: 32/36 MP: 8/11
  5096 | D:5      | Entered Level 5 of the Dungeon
  5334 | D:5      | Found a runed translucent door.
  5335 | D:5      | Noticed Crazy Yiuf
  5391 | D:4      | Reached skill level 1 in Armour
  5538 | D:5      | Reached skill level 1 in Ice Magic
  5538 | D:5      | Reached XP level 7. HP: 41/41 MP: 12/12
  5703 | D:5      | Found Miunoduf's Distillery.
  5848 | D:5      | Reached skill level 1 in Evocations
  5862 | D:5      | Bought a potion of heal wounds for 60 gold pieces
  5862 | D:5      | Bought a potion of degeneration for 12 gold pieces
  6075 | D:5      | Killed Crazy Yiuf
  6353 | D:6      | Noticed Duvessa
  6353 | D:6      | Noticed Dowan
  6353 | D:6      | Noticed Blork the orc
  6375 | D:6      | Killed Blork the orc
  6376 | D:6      | Reached XP level 8. HP: 12/48 MP: 1/13
  6497 | D:6      | HP: 2/48 [Duvessa/+0 short sword (3)]
  6498 | D:6      | Slain by Dowan

Illustrated notes

Levels and vault maps discovered:
D:1:      eino_arrival_druids_welcome, layout_loops_ring
D:2:      layout_loops_ring, serial_shops, shop, shop, nicolae_shop_crystal,
          nicolae_shop_waterfront, shop, hellmonk_ecumenical_altar_arch_garden,
          minmay_misc_feat_rugged
D:3:      layout_basic, guppyfry_early_orc_mine
D:4:      layout_layer_cave, grunt_ministairs_13
D:5:      layout_rooms, serial_shops, nicolae_inconvenience_store,
          uniq_crazy_yiuf_cottage
D:6:      layout_cave_pools, lemuel_round_altar, enter_ossuary_2, uniq_duvessa,
          uniq_blork_the_orc

Skill      XL: |  1  2  3  4  5  6  7 |
---------------+----------------------+-----
Fighting       | 1 2 3 |  3.7
Short Blades   | 2 3 |  3.0
Dodging        | 3 4 |  4.2
Stealth        | 4 |  4.7
Armour         | 1 2 |  2.3
Spellcasting   | 3 |  3.1
Ice Magic      | 1 2 |  2.0
Evocations     | 1 |  1.3
Hexes          | 3 |  3.0

Action                   |  1- 3 |  4- 6 |  7- 9 || total
-------------------------+-------+-------+-------++-------
Melee: Dagger            |    69 |   101 |    62 ||   232
       Kick              |    10 |    20 |    19 ||    49
       Peck              |     5 |     8 |    14 ||    27
       Punch             |       |     4 |     1 ||     5
Throw: Dart              |       |     2 |       ||     2
 Cast: Ensorcelled Hiber |    18 |    45 |    13 ||    76
       Confusing Touch   |       |       |     4 ||     4
Evoke: Wand              |       |       |     1 ||     1
  Use: Scroll            |     3 |     3 |     1 ||     7
       Potion            |       |     1 |       ||     1
 Stab: Sleeping          |    19 |    26 |     8 ||    53
       Confused          |       |       |     3 ||     3
Armor: Robe              |     6 |    10 |     2 ||    18
       Leather armour    |       |       |     3 ||     3
Dodge: Dodged            |    27 |    94 |    43 ||   164
